 Dungeon Crawl Stone Soup version 0.19.1 (webtiles) character file.

62 CanadianGator the Skirmisher (level 4, -1/40 HPs)
             Began as a Hill Orc Fighter on Nov 25, 2016.
             Slain by CanadianGator's ghost (9 damage)
             ... on level 3 of the Dungeon.
             The game lasted 00:05:43 (1760 turns).

CanadianGator the Skirmisher (Hill Orc Fighter)     Turns: 1760, Time: 00:05:44

Health: -1/40      AC:  4    Str: 19    XL:     4   Next: 8%
Magic:  4/4        EV: 12    Int:  8    God:
Gold:   75         SH: 10    Dex: 21    Spells: 0 memorised, 3 levels left

rFire  . . .     SeeInvis .     a - +0 war axe
rCold  . . .     Gourm    .     b - +0 scale mail
rNeg   . . .     Faith    .     c - +0 shield
rPois  +         Spirit   .     (no helmet)
rElec  .         Reflect  .     (no cloak)
rCorr  .         Harm     .     (no gloves)
MR     .....                    (no boots)
Stlth  ++........               (no amulet)
                                s - ring of poison resistance
                                l - +4 ring of dexterity

@: agile
A: thin skeletal structure 1, blurry vision 1, deformed body, regeneration 1,
evolution 1
a: no special abilities


You were on level 3 of the Dungeon.
You were near starving.

You visited 1 branch of the dungeon, and saw 3 of its levels.

You collected 75 gold pieces.

Inventory:

Hand Weapons
 a - a +0 war axe (weapon)
Armour
 b - a +0 scale mail (worn)
 c - a +0 shield (worn)
Jewellery
 l - a +4 ring of dexterity (left hand)
 p - an uncursed ring of magical power
 q - an uncursed ring of resist corrosion
 s - a ring of poison resistance (right hand)
 t - an uncursed ring of protection from magic
Scrolls
 h - a scroll of enchant armour {unknown}
 n - a scroll of immolation {unknown}
 u - 2 scrolls of amnesia {unknown}
Potions
 d - a potion of might
 j - a potion of berserk rage
 k - a potion of magic
 m - a potion of agility
 o - 2 potions of resistance
 v - a potion of invisibility
 w - a potion of flight {unknown}
Comestibles
 f - 3 bread rations
 g - a meat ration
 r - a slice of pizza


   Skills:
 + Level 4.3 Fighting
 * Level 4.0 Axes
 + Level 3.8 Armour
 + Level 0.8 Dodging
 - Level 3.2 Shields


You had 3 spell levels left.
You didn't know any spells.

Dungeon Overview and Level Annotations

Branches:
Dungeon (3/15)

Altars:

Annotations:
D:3 CanadianGator's ghost, weakling HOFi


Innate Abilities, Weirdness & Mutations

You have a somewhat thin skeletal structure. (Dex +2, Stealth)
Scrolls take you a little longer to read.
Armour fits poorly on your strangely shaped body.
Your natural rate of healing is unusually fast.
You evolve.


Message History

You slash CanadianGator's ghost!
CanadianGator's ghost is heavily damaged.
CanadianGator's ghost hits you!
* * * LOW HITPOINT WARNING * * *
You are too injured to fight recklessly!
You are too injured to fight recklessly!
You are too injured to fight recklessly!
You are too injured to fight recklessly!
You are too injured to fight recklessly!
You are too injured to fight recklessly!
Okay, then.
You hit CanadianGator's ghost.
CanadianGator's ghost is severely damaged.
CanadianGator's ghost says very slowly, "There's no hope."
CanadianGator's ghost hits you!
* * * LOW HITPOINT WARNING * * *
CanadianGator's ghost hits you but does no damage.
You feel agile all of a sudden. CanadianGator's ghost hits you!
You die...

#.# #...# ####.###
##..# #......# #.(#
######......# #..#
............# #..#
............#####..#
..................>#
*******
............#########
*,,,,,,
...............W@...#
*,*****
......####'########.#
*,* .....,* #.# *,*
*,* ####,** #.# *,*
*,* * *,* #.# *,* *,*
****,* #.# *,* *,*
,,,*,* #.# *,* *,* **
**,*,****#.# *,* *,*
*, **,*,,,,,,,* *,*
*,****,


You could see CanadianGator's ghost.

Vanquished Creatures
  2 dart slugs (D:1)
  2 ball pythons (D:1)
  8 bats
  2 giant cockroaches
  9 goblins
  6 hobgoblins
  4 jackals (D:1)
  6 kobolds
  5 frilled lizards
  10 rats
54 creatures vanquished.

Notes
Turn   | Place    | Note
-------+----------+-------------------------------------------
     0 | D:1      | CanadianGator the Hill Orc Fighter began the quest for the Orb.
     0 | D:1      | Reached XP level 1. HP: 19/19 MP: 1/1
    92 | D:1      | Reached XP level 2. HP: 19/27 MP: 2/2
   228 | D:1      | Reached XP level 3. HP: 21/33 MP: 3/3
  1626 | D:3      | Reached XP level 4. HP: 40/40 MP: 4/4
  1627 | D:3      | Gained mutation: You have a somewhat thin skeletal structure. (Dex +2, Stealth) [potion of mutation]
  1627 | D:3      | Gained mutation: Scrolls take you a little longer to read. [potion of mutation]
  1627 | D:3      | Gained mutation: Your natural rate of healing is unusually fast. [potion of mutation]
  1628 | D:3      | Gained mutation: Armour fits poorly on your strangely shaped body. [potion of mutation]
  1628 | D:3      | Gained mutation: You evolve. [potion of mutation]
  1742 | D:3      | Noticed CanadianGator's ghost (weakling HOFi)
  1750 | D:3      | HP: 2/40 [CanadianGator's ghost (9)]
  1760 | D:3      | Slain by CanadianGator's ghost

Skill      XL: |  1  2  3 |
---------------+----------+-----
Axes           | 3 4 |  4.0
Fighting       | 4 |  4.3
Armour         | |  3.8
Dodging        | |  0.8
Shields        | |  3.2

Action                   |  1- 3 |  4- 6 || total
-------------------------+-------+-------++-------
Melee: War axe           |   141 |    15 ||   156
  Use: Scroll            |     1 |     6 ||     7
       Potion            |       |     3 ||     3
  Eat: Chunk             |     1 |       ||     1
Armor: Scale mail        |    84 |     7 ||    91
Dodge: Dodged            |    43 |     4 ||    47
Block: Shield            |    91 |     6 ||    97
